 Dungeon Crawl Stone Soup version 0.29-a0-823-gc37b1572da (webtiles) character file.

Game seed: 14847005971325092181

3941 avis the Skirmisher (level 9, -6/69 HPs)
             Began as a Demigod Hunter on July 9, 2022.
             Mangled by an orc knight
             ... wielding a +0 war axe
              (12 damage)
             ... in a bailey.
             The game lasted 00:56:34 (8445 turns).

avis the Skirmisher (Demigod Hunter)                Turns: 8445, Time: 00:56:34

Health: -6/69      AC: 10    Str: 12    XL:     9   Next: 70%
Magic:  11/11      EV: 14    Int: 11    God:
Gold:   114        SH:  0    Dex: 29    Spells: 8/8 levels left

rFire   + . .      SeeInvis .   a - +1 shortbow (vorpal)
rCold   . . .      Faith    .   (shield currently unavailable)
rNeg    . . .      Spirit   .   e - +4 ring mail
rPois   +          Reflect  .   (no helmet)
rElec   .          Harm     .   (no cloak)
rCorr   .          Rampage  .   I - +0 pair of gloves
Will    .....                   (no boots)
Stlth   ++........              F - amulet of magic regeneration
HPRegen 0.21/turn               j - ring of protection from fire
MPRegen 0.52/turn               t - ring of poison resistance

@: no status effects
A: high MP 1, forlorn, divine attributes
a: no special abilities


You were in a bailey.
You visited 2 branches of the dungeon, and saw 9 of its levels.
You also visited: Ossuary and Bailey.

You collected 354 gold pieces.
You spent 240 gold pieces at shops.

Inventory:

Hand Weapons
 a - a +1 vorpal shortbow (weapon)
 b - the +3 falchion of Vaxkihuj {speed, rElec Will+ Int-3 Stlth+}
   (You found it on level 6 of the Dungeon)

   Attacks with this weapon are significantly faster.
   Int:       It affects your intelligence (-3).
   rElec:     It insulates you from electricity.
   Will:      It increases your willpower.
   Stlth:     It makes you more stealthy.
 c - a +0 shortbow
 d - a +0 flail of holy wrath
 p - a +4 flail
 w - a +3 dagger of venom
 y - a +5 hand axe
 A - a +0 dagger of speed
 E - a +3 sling of flaming
 P - a +0 dagger of draining
Missiles
 m - 14 poisoned darts
 n - 6 atropa-tipped darts
 M - 2 throwing nets
Armour
 e - a +4 ring mail (worn)
 q - a +2 robe of resistance
 B - a +0 leather armour
 I - a +0 pair of gloves (worn)
Magical Staves
 C - a staff of cold
Jewellery
 j - a ring of protection from fire (left hand)
 t - a ring of poison resistance (right hand)
 F - an amulet of magic regeneration (around neck)
Wands
 i - a wand of mindburst (21)
 H - a wand of paralysis (3)
 N - a wand of flame (18)
Scrolls
 f - a scroll of poison
 g - a scroll of noise
 h - 3 scrolls of teleportation
 v - a scroll of blinking
 z - a scroll of amnesia
 G - a scroll of enchant armour
 J - a scroll of silence
Potions
 k - a potion of attraction
 l - 10 potions of curing
 o - 4 potions of might
 r - 2 potions of berserk rage
 s - a potion of resistance {unknown}
 u - 3 potions of mutation
 x - 2 potions of lignification
 D - a potion of ambrosia
 L - 2 potions of brilliance
 O - 2 potions of magic
 Q - 2 potions of invisibility
 R - a potion of flight {unknown}


   Skills:
 - Level 3.0 Fighting
 * Level 12.7 Ranged Weapons
 + Level 4.6 Dodging
 - Level 0.8 Stealth


You had 8 spell levels left.
You didn't know any spells.
Your spell library contained the following spells:

 Spells                   Type           Power      Damage    Failure   Level
 Ensorcelled Hibernation  Hex/Ice        0%         N/A       77%         2
 Passwall                 Tmut/Erth      0%         N/A       77%         2
 Swiftness                Air            0%         N/A       94%         3
 Fireball                 Conj/Fire      0%         3d3       100%        5
 Iskenderun's Battlesphe  Conj           0%         2d6       100%        5
 Summon Forest            Summ/Tloc      0%         N/A       100%        5
 Summon Mana Viper        Hex/Summ       0%         N/A       100%        5
 Conjure Ball Lightning   Conj/Air       0%         3x3d6     100%        6
 Summon Cactus Giant      Summ           0%         N/A       100%        6
 Orb of Destruction       Conj           0%         9d5       100%        7


Dungeon Overview and Level Annotations

Branches:
Dungeon (8/15)             Temple (1/1) D:6         Ossuary (visited)
 Bailey (1/1)
   Lair: D:8-11

Shops:
D:2 !


Innate Abilities, Weirdness & Mutations

You have an increased reservoir of magic. (+10% MP)
You shall have no god before yourself.
Your divine heritage dramatically boosts your attributes as you level up.


Message History

* * * LOW HITPOINT WARNING * * *
The orc warrior closely misses you.
You feel much better.
The orc knight hits you with a +0 war axe!
The orc warrior hits you with a +0 war axe!!
* * * LOW HITPOINT WARNING * * *
You feel much better.
The orc knight hits you with a +0 war axe!
The orc warrior hits you with a +0 war axe.
* * * LOW HITPOINT WARNING * * *
Fire: a) +1 shortbow (vorpal)
Press: ? - help, Q - select action, (/) - cycle Shift-Dir - straight line, f/p - orc knight
Aim: an orc knight, wielding a +0 war axe and wearing a +0 scale mail (almost dead, 68% to hit)
You shoot an arrow.
The arrow hits the orc knight but does no damage.
The orc knight is almost dead.
The orc knight misses you.
The orc warrior hits you with a +0 war axe.
* * * LOW HITPOINT WARNING * * *
Fire: a) +1 shortbow (vorpal)
Press: ? - help, Q - select action, (/) - cycle Shift-Dir - straight line, f/p - orc knight
Aim: an orc knight, wielding a +0 war axe and wearing a +0 scale mail (almost dead, 68% to hit)
You shoot an arrow.
The arrow hits the orc knight but does no damage.
The orc knight is almost dead.
The orc warrior no longer looks unusually strong.
The orc knight completely misses you. The orc warrior misses you.
The orc knight attacks as you move away!
The orc knight hits you with a +0 war axe!
* * * LOW HITPOINT WARNING * * *
Fire: a) +1 shortbow (vorpal)
Press: ? - help, Q - select action, (/) - cycle Shift-Dir - straight line, f - orc warrior, p - orc knight
Aim: an orc warrior, wielding a +0 war axe and wearing a +0 chain mail (lightly wounded, 70% to hit)
You shoot an arrow. The arrow hits the orc knight.
The orc knight is almost dead.
The orc warrior attacks as you move away!
The orc warrior closely misses you.
The orc knight attacks as you move away!
The orc knight hits you with a +0 war axe!
You die...

#..# #..# #..# #..#
##)# #)## #))# #..#
#)8# #8)# #..# #))#
#.8#### ####8.#
#.)...#######..oo.#
#.8)..#.....#..@8.#
#.....#.....#.....#
####..#..⌠..#..####
#..'.....'..#
#..'..)..'..#
#####'''#####
#...........#
#####≈≈≈≈...≈≈≈≈######
≈≈≈≈≈≈≈≈≈...≈≈≈≈≈≈≈≈≈≈


You could see an orc knight and an orc warrior.

Vanquished Creatures
  An orc high priest (Bailey)
  5 orc warriors
  3 sky beasts (D:7)
  2 black bears
  2 centaurs (D:7)
  2 ogres (D:6)
  A phantom (D:7)
  2 necrophages (D:5)
  10 scorpions
  4 wights (D:7)
  A killer bee (D:7)
  2 orc priests
  4 hounds
  2 jellies
  7 scorpion zombies (Ossuary)
  A gnoll bouda (D:4)
  3 iguanas (D:5)
  5 orc wizards (D:7)
  3 mummies (Ossuary)
  13 gnolls
  13 adders
  2 shadow imps
  2 ufetubi (D:4)
  9 dart slugs
  A worm (D:3)
  14 orcs
  7 endoplasms
  7 giant cockroaches
  14 goblins
  13 hobgoblins
  5 jackals
  9 kobolds
  2 quokkas
  4 ball pythons
  2 bats (D:3)
  3 frilled lizards
  A gnoll zombie (Ossuary)
  A goblin zombie (Ossuary)
  2 hobgoblin zombies (Ossuary)
  6 orc zombies (Ossuary)
  10 rats
200 creatures vanquished.

Notes
Turn   | Place    | Note
-------+----------+-------------------------------------------
     0 | D:1      | avis the Demigod Hunter began the quest for the Orb.
     0 | D:1      | Reached XP level 1. HP: 17/17 MP: 3/3
   405 | D:1      | Reached skill level 4 in Ranged Weapons
   441 | D:1      | Reached XP level 2. HP: 24/24 MP: 4/4
   863 | D:2      | Found Dobbaaj's Distillery.
   947 | D:2      | Reached XP level 3. HP: 14/30 MP: 5/5
  2278 | D:3      | Reached XP level 4. HP: 38/38 MP: 6/6
  2764 | D:2      | Bought a potion of curing for 36 gold pieces
  2764 | D:2      | Bought a potion of berserk rage for 60 gold pieces
  2902 | D:4      | Noticed a black bear
  2920 | D:4      | Found a sand-covered staircase.
  2924 | Ossuary  | Entered an ossuary
  2951 | Ossuary  | Reached skill level 5 in Ranged Weapons
  2962 | Ossuary  | Reached XP level 5. HP: 28/45 MP: 7/7
  3100 | Ossuary  | Reached skill level 6 in Ranged Weapons
  3315 | Ossuary  | Reached XP level 6. HP: 51/51 MP: 8/8
  3548 | Ossuary  | Reached skill level 7 in Ranged Weapons
  3598 | Ossuary  | Reached XP level 7. HP: 53/57 MP: 9/9
  3726 | D:4      | Reached skill level 8 in Ranged Weapons
  4601 | D:5      | Entered Level 5 of the Dungeon
  4810 | D:5      | Reached skill level 9 in Ranged Weapons
  4946 | D:5      | Reached XP level 8. HP: 59/63 MP: 10/10
  5252 | D:5      | Reached skill level 10 in Ranged Weapons
  6175 | D:2      | Bought a potion of brilliance for 48 gold pieces
  6175 | D:2      | Bought a potion of invisibility for 96 gold pieces
  6536 | D:6      | Identified the +3 falchion of Vaxkihuj {speed, rElec Will+
                  | Int-3 Stlth+}
  6689 | D:6      | Found a staircase to the Ecumenical Temple.
  6700 | Temple   | Entered the Ecumenical Temple
  6898 | D:7      | Reached skill level 11 in Ranged Weapons
  7408 | D:7      | Reached XP level 9. HP: 66/69 MP: 11/11
  7750 | D:7      | Reached skill level 12 in Ranged Weapons
  7951 | D:8      | Found a flagged portal.
  7961 | Bailey   | Entered a bailey
  8345 | Bailey   | Noticed an orc high priest
  8355 | Bailey   | Killed an orc high priest
  8416 | Bailey   | Noticed an orc knight
  8445 | Bailey   | Mangled by an orc knight

Illustrated notes

Levels and vault maps discovered:
D:1:      lightli_iron_boxes, layout_basic,
          shapermc_ecumenical_altar_mp_highgroup
D:2:      layout_rooms, serial_shops, shop_fountains
D:3:      layout_loops_cross, lemuel_coloured_pillars_altar
D:4:      layout_rooms, mainiacjoe_overflow_two_lobes, enter_ossuary_5
D:5:      kennysheep_slugbush, layout_layer_cave, minmay_fractal_squares_5
D:6:      layout_rooms, lemuel_crystal_altar, minmay_temple_entry_glassed_door,
          serial_bayou_pond_e
D:7:      layout_rooms, nicolae_uskayaw_dance_hall
D:8:      layout_rooms, kennysheep_mini_moat, serial_curves, eino_curves_02,
          eino_curves_03, enter_bailey_2, uniq_maurice
Temple:   nicolae_temple_bog_church
Bailey:   bailey_axe_of_yendor_kennysheep, bailey

Skill      XL: |  1  2  3  4  5  6  7  8  9 |
---------------+----------------------------+-----
Fighting       | 2 3 |  3.0
Ranged Weapons | 4 5 6 7 9 11 12 | 12.7
Dodging        | 2 4 |  4.6
Stealth        | |  0.8

Action                   |  1- 3 |  4- 6 |  7- 9 || total
-------------------------+-------+-------+-------++-------
Melee: Unarmed           |     5 |       |       ||     5
       Dagger            |       |       |     6 ||     6
 Fire: Shortbow          |   160 |   169 |   134 ||   463
       Sling             |       |       |   244 ||   244
  Use: Potion            |     2 |       |     3 ||     5
       Scroll            |       |     5 |    10 ||    15
Armor: Leather armour    |    25 |    23 |    18 ||    66
       Ring mail         |       |       |    16 ||    16
Dodge: Dodged            |    71 |    64 |    97 ||   232

Table legend: (Time is in decaauts)
 A = Elapsed time spent in this place.
 B = Non-inter-level travel time spent in this place.
 C = Inter-level travel time spent in this place.
 D = Time resting spent in this place.
 E = Time spent auto-exploring this place.
 F = Levels seen in this place.
 G = Mean time per level.
                   A        B        C        D        E       F      G
               +--------+--------+--------+--------+--------+-----+--------+
         Total |   8545 |   7754 |    791 |   2295 |   3533 |  11 |  776.8 |
       Dungeon |   7219 |   6428 |    791 |   1651 |   3470 |   8 |  902.4 |
        Temple |     14 |     14 |      0 |      0 |      0 |   1 |   14.0 |
       Ossuary |    827 |    827 |      0 |    404 |     63 |   1 |  827.0 |
        Bailey |    484 |    484 |      0 |    240 |      0 |   1 |  484.0 |
               +--------+--------+--------+--------+--------+-----+--------+

Top non-repeatable levels by time:
     D:5: 1701 daAuts
     D:2: 1073 daAuts
     D:4: 1055 daAuts
     D:3: 959 daAuts
     D:1: 946 daAuts
     D:7: 895 daAuts
 Ossuary: 827 daAuts
     D:6: 555 daAuts
  Bailey: 484 daAuts
     D:8: 33 daAuts
  Temple: 14 daAuts
